 Dungeon Crawl Stone Soup version 0.29-a0-418-gc0181ea820 (webtiles) character file.

Game seed: 10933151273739545330

74 mavavulus the Skirmisher (level 4, -5/36 HPs)
             Began as a Demonspawn Berserker on May 17, 2022.
             Was a Believer of Trog.
             Slain by a worm (7 damage)
             ... on level 2 of the Dungeon.
             The game lasted 00:08:15 (1140 turns).

mavavulus the Skirmisher (Demonspawn Berserker)     Turns: 1140, Time: 00:08:16

Health: -5/36      AC:  8    Str: 17    XL:     4   Next: 9%
Magic:  4/4        EV:  7    Int:  6    God:    Trog [**....]
Gold:   101        SH:  0    Dex: 15    Spells: 3/3 levels left

rFire   . . .      SeeInvis .   a - +0 falchion
rCold   . . .      Faith    .   (no shield)
rNeg    . . .      Spirit   .   m - +0 chain mail
rPois   +          Reflect  .   (no helmet)
rElec   .          Harm     .   n - scarf {+Inv}
rCorr   .          Rampage  .   (no gloves)
Will    .....                   (no boots)
Stlth   ..........              (no amulet)
HPRegen 0.12/turn               (no ring)
MPRegen 0.09/turn               (no ring)

@: mighty
A: demonic touch 1, dopey 1, poison resistance
a: Renounce Religion, Evoke Invisibility, Berserk, Trog's Hand


You were on level 2 of the Dungeon.
You worshipped Trog.
Trog was pleased with you.
You visited 1 branch of the dungeon, and saw 2 of its levels.

You collected 101 gold pieces.

Inventory:

Hand Weapons
 a - a +0 falchion (weapon)
Missiles
 e - 37 stones (quivered)
Armour
 b - a +0 animal skin
 j - a +0 leather armour
 m - a +0 chain mail (worn)
 n - a scarf of invisibility (worn)
 q - a +0 ring mail
Jewellery
 r - a +6 ring of dexterity
Wands
 p - a wand of paralysis (4)
Scrolls
 d - a scroll of noise {unknown}
 f - a scroll of blinking {unknown}
 h - a scroll of brand weapon {unknown}
 i - a scroll of immolation {unknown}
 k - 2 scrolls of fear {unknown}
 l - 4 scrolls of identify {unknown}
Potions
 g - a potion of attraction {unknown}
 o - a potion of flight {unknown}
 s - a potion of mutation


   Skills:
 + Level 3.6 Fighting
 + Level 3.2 Long Blades
 + Level 2.4 Armour
 + Level 2.5 Dodging


You had 3 spell levels left.
You didn't know any spells.
Your spell library contained the following spells:

 Spells                   Type           Power      Damage    Failure   Level
 Slow                     Hex            0%         N/A       100%        1
 Ensorcelled Hibernation  Hex/Ice        0%         N/A       100%        2
 Passwall                 Tmut/Erth      0%         N/A       100%        2
 Confusing Touch          Hex            0%         N/A       100%        3
 Swiftness                Air            0%         N/A       100%        3
 Vampiric Draining        Necr           0%         2d6       100%        3


Dungeon Overview and Level Annotations

Branches:
Dungeon (2/15)

Altars:


Innate Abilities, Weirdness & Mutations

Your touch may inflict minor irresistible damage on your foes.
You are dopey. (Int -2)
Your system is resistant to poisons. (rPois)


Message History

Trog accepts your kill.
You have reached level 4!
You feel agile.
Found 10 gold pieces.
You open the door.
You now have 101 gold pieces (gained 10).
A worm comes into view.
You hit the worm.
The worm is moderately wounded.
You completely miss the worm.
The worm is moderately wounded.
The worm barely misses you.
You hit the worm.
The worm is moderately wounded.
The worm bites you!
You hit the worm.
The worm is heavily wounded.
The worm bites you!
You hit the worm.
The worm is heavily wounded.
You hit the worm but do no damage.
The worm is heavily wounded.
The worm bites you!
* * * LOW HITPOINT WARNING * * *
You hit the worm.
The worm is severely wounded.
The worm bites you.
* * * LOW HITPOINT WARNING * * *
It was a potion of mutation.
You feel extremely strange.
You feel stupid.
You feel resistant to poisons.
It was a potion of might.
You feel very mighty all of a sudden. The worm bites you.
* * * LOW HITPOINT WARNING * * *
You barely miss the worm.
The worm is heavily wounded.
You completely miss the worm.
You touch the worm!
The worm is almost dead.
The worm bites you!
You die...

..# #..# ###
#..# #..####
#.>...#
#####)# #
#...# #.####
#.### #..w.#
#.# #.##@#
#.### # #.#
#...#
##.#######.#
#......# #.#
#......###.#
#..........#
##+#'#######
..# ##.#


You could see a worm.

Vanquished Creatures
  A hound (D:2)
  An adder (D:2)
  A dart slug (D:1)
  2 ball pythons (D:1)
  2 bats (D:1)
  2 endoplasms (D:1)
  2 giant cockroaches (D:1)
  2 goblins
  3 hobgoblins
  4 jackals (D:1)
  A quokka (D:1)
  4 frilled lizards
  2 kobolds
  3 rats
30 creatures vanquished.

Vanquished Creatures (others)
  2 fungi (D:2)
2 creatures vanquished.

Grand Total: 32 creatures vanquished

Notes
Turn   | Place    | Note
-------+----------+-------------------------------------------
     0 | D:1      | mavavulus the Demonspawn Berserker began the quest for the
                  | Orb.
     0 | D:1      | Reached XP level 1. HP: 18/18 MP: 1/1
   181 | D:1      | Found a faded altar of an unknown god.
   245 | D:1      | Gained mutation: Your touch may inflict minor irresistible
                  | damage on your foes. [demonic ancestry]
   245 | D:1      | Reached XP level 2. HP: 22/24 MP: 2/2
   786 | D:2      | Reached ** piety under Trog
   805 | D:2      | Reached XP level 3. HP: 28/29 MP: 3/3
  1116 | D:2      | Reached XP level 4. HP: 30/36 MP: 4/4
  1136 | D:2      | Gained mutation: You are dopey. (Int -2) [potion of
                  | mutation]
  1136 | D:2      | Gained mutation: Your system is resistant to poisons.
                  | (rPois) [potion of mutation]
  1138 | D:2      | HP: 1/36 [worm (4)]
  1140 | D:2      | Slain by a worm

Illustrated notes

Levels and vault maps discovered:
D:1:      amcnicky_arrival_abandoned_market, layout_rooms,
          basic_ecumenical_altar
D:2:      layout_basic, dreamdust_mushroom_princess, st_stairs_13

Skill      XL: |  1  2 |
---------------+-------+-----
Armour         | 2 |  2.4
Dodging        | 2 |  2.5
Long Blades    | 3 |  3.2
Fighting       | |  3.6

Action                   |  1- 3 |  4- 6 || total
-------------------------+-------+-------++-------
Melee: Falchion          |    93 |     9 ||   102
       Touch             |     9 |     1 ||    10
  Use: Potion            |       |     2 ||     2
 Stab: Sleeping          |     1 |       ||     1
Armor: Animal skin       |     6 |       ||     6
       Leather armour    |     9 |       ||     9
       Chain mail        |    24 |       ||    24
Dodge: Dodged            |    40 |     1 ||    41

Table legend: (Time is in decaauts)
 A = Elapsed time spent in this place.
 B = Non-inter-level travel time spent in this place.
 C = Inter-level travel time spent in this place.
 D = Time resting spent in this place.
 E = Time spent auto-exploring this place.
 F = Levels seen in this place.
 G = Mean time per level.
                   A        B        C        D        E       F      G
               +--------+--------+--------+--------+--------+-----+--------+
         Total |   1155 |   1124 |     31 |     61 |    526 |   2 |  577.5 |
       Dungeon |   1155 |   1124 |     31 |     61 |    526 |   2 |  577.5 |
               +--------+--------+--------+--------+--------+-----+--------+

Top non-repeatable levels by time:
     D:1: 771 daAuts
     D:2: 384 daAuts
